 Dungeon Crawl Stone Soup version 0.30-a0-123-g91d0c66ccf (webtiles) character file.

Game seed: 18270771014980120778

21 jlumianski the Chopper (level 2, -1/18 HPs)
             Began as a Gargoyle Gladiator on Sept 17, 2022.
             Slain by Natasha (6 damage)
             ... on level 2 of the Dungeon.
             The game lasted 00:01:28 (594 turns).

jlumianski the Chopper (Gargoyle Gladiator)          Turns: 594, Time: 00:01:30

Health: -1/18      AC: 11    Str: 17    XL:     2   Next: 83%
Magic:  2/2        EV:  7    Int:  8    God:
Gold:   30         SH:  0    Dex: 11    Spells: 1/1 levels left

rFire   . . .      SeeInvis .    a - +0 war axe
rCold   . . .      Faith    .    (no shield)
rNeg    + . .      Spirit   .    f - +0 chain mail
rPois   ∞          Reflect  .    c - +0 helmet
rElec   +          Harm     .    (no cloak)
rCorr   .          Rampage  .    (no gloves)
Will    .....                    (no boots)
Stlth   ..........               (no amulet)
HPRegen 0.06/turn                (no ring)
MPRegen 0.08/turn                (no ring)

@: slowed, very slow
A: sickness immunity, AC +2, negative energy resistance 1, electricity
resistance, torment resistance 1, petrification resistance
a: no special abilities


You were on level 2 of the Dungeon.
You visited 1 branch of the dungeon, and saw 2 of its levels.

You collected 30 gold pieces.

Inventory:

Hand Weapons
 a - a +0 war axe (weapon)
Missiles
 d - 3 throwing nets (quivered)
 e - a javelin
Armour
 b - a +0 leather armour
 c - a +0 helmet (worn)
 f - a +0 chain mail (worn)
Jewellery
 k - an amulet of faith
Scrolls
 g - a scroll of enchant weapon {unknown}
 h - a scroll of blinking {unknown}
 i - a scroll of noise {unknown}
 j - 2 scrolls of identify {unknown}
Potions
 l - a potion of invisibility {unknown}


   Skills:
 + Level 2.5 Fighting
 + Level 3.2 Axes
 + Level 2.0 Throwing
 + Level 0.1 Armour
 + Level 2.5 Dodging


You had one spell level left.
You didn't know any spells.
Your spell library was empty.

Dungeon Overview and Level Annotations

Branches:
Dungeon (2/15)

Altars:

Annotations:
D:2 Natasha


Innate Abilities, Weirdness & Mutations

You are immune to sickness and miasma.
Your stone body is resilient. (AC +2)
You are immune to poison.
You resist negative energy. (rN+)
You are resistant to electric shocks. (rElec)
You are resistant to unholy torment.
You are immune to petrification.


Message History

Found a long sword.
Found a robe and 14 gold pieces.
You see here a +0 long sword.
You see here a +0 robe.
You now have 30 gold pieces (gained 14).
Found a cyan potion.
l - a cyan potion
Found a mace.
Natasha, Servant of Life and Death comes into view.
She is carrying a wand of roots (10).
Found a brown potion.
Natasha casts a spell at you. You resist with significant effort.
Natasha casts a spell at you.
You feel yourself slow down.
You miss Natasha.
Natasha drinks a potion.
Natasha suddenly seems more resistant.
Natasha barely misses you.
You miss Natasha. Natasha barely misses you. Natasha completely misses you.
You hit Natasha.
Natasha is lightly wounded.
Natasha casts a spell.
Natasha howls an incantation.
Natasha shimmers violently.
Natasha zaps a wand.
The roots erupt in riotous growth!
The grasping roots grab you!
Natasha is unaffected.
The grasping roots constrict you!
You barely miss Natasha.
Natasha is lightly wounded.
Natasha claws you. The grasping roots constrict you.
Natasha claws you but does no damage. The grasping roots constrict you.
The white imp gestures at you. The puff of frost hits you.
* * * LOW HITPOINT WARNING * * *
The grasping roots release their grip on you.
You miss Natasha.
Natasha is lightly wounded.
You completely miss the white imp.
Natasha wildly gestures.
You feel troubled. Natasha claws you.
You die...

#[##.# #.##.#
#.##.#
#.##.####
#.#.....#
#.......#
###.....#
#.######.#.##
#...h@.....#
#...5.)...##
#....#####..#
#.#! #..... #
# ##.### .#
.# .#


You could see Natasha (resistant) and a white imp (summoned).

Vanquished Creatures
  An adder (D:2)
  3 bats (D:1)
  A goblin (D:1)
  2 hobgoblins
  3 frilled lizards
  2 rats (D:2)
12 creatures vanquished.

Notes
Turn   | Place    | Note
-------+----------+-------------------------------------------
     0 | D:1      | jlumianski the Gargoyle Gladiator began the quest for the
                  | Orb.
     0 | D:1      | Reached XP level 1. HP: 12/12 MP: 1/1
   331 | D:1      | Reached XP level 2. HP: 18/18 MP: 2/2
   390 | D:2      | Reached skill level 3 in Axes
   586 | D:2      | Noticed Natasha
   594 | D:2      | Slain by Natasha

Illustrated notes

Levels and vault maps discovered:
D:1:      lightli_iron_boxes, layout_basic, hangedman_decor_clover_reticule
D:2:      layout_loops_ring, uniq_crazy_yiuf_cottage, uniq_natasha

Skill      XL: |  1  2 |
---------------+-------+-----
Throwing       | 2 |  2.0
Axes           | 3 |  3.2
Fighting       | |  2.5
Armour         | |  0.1
Dodging        | |  2.5

Action                   || total
-------------------------++-------
Melee: War axe           ||    34
Armor: Leather armour    ||    13
       Chain mail        ||    21
Dodge: Dodged            ||    29

Table legend: (Time is in decaauts)
 A = Elapsed time spent in this place.
 B = Non-inter-level travel time spent in this place.
 C = Inter-level travel time spent in this place.
 D = Time resting spent in this place.
 E = Time spent auto-exploring this place.
 F = Levels seen in this place.
 G = Mean time per level.
                   A        B        C        D        E       F      G
               +--------+--------+--------+--------+--------+-----+--------+
         Total |    608 |    608 |      0 |    327 |     93 |   2 |  304.0 |
       Dungeon |    608 |    608 |      0 |    327 |     93 |   2 |  304.0 |
               +--------+--------+--------+--------+--------+-----+--------+

Top non-repeatable levels by time:
     D:1: 385 daAuts
     D:2: 223 daAuts
